 Dungeon Crawl Stone Soup version 0.21.1-1-g345015fe64 (webtiles) character file.

3063 Peloso the Blocker (level 9, -2/78 HPs)
             Began as a Minotaur Fighter on July 1, 2018.
             Was a Believer of Okawaru.
             Slain by a crocodile (7 damage)
             ... on level 8 of the Dungeon.
             The game lasted 00:12:54 (5771 turns).

Peloso the Blocker (Minotaur Fighter)               Turns: 5771, Time: 00:12:55

Health: -2/78      AC:  8    Str: 22    XL:     9   Next: 57%
Magic:  8/8        EV:  2    Int:  8    God:    Okawaru [**....]
Gold:   301        SH:  0    Dex: 12    Spells: 8/8 levels left

rFire    + . .     SeeInvis .   s - +10 dagger of Defence {drain, *Corrode +Inv Int+3}
rCold    . . .     Gourm    .   c - +2 shield
rNeg     + + +     Faith    .   b - +0 chain mail
rPois    ∞         Spirit   .   n - +1 hat
rElec    .         Reflect  .   (no cloak)
rCorr    +         Harm     .   u - +0 pair of gloves
MR       .....                  (no boots)
Stlth    ..........             (no amulet)
HPRegen  0.23/turn              t - ring of protection from fire
MPRegen  0.11/turn              y - ring of resist corrosion

@: petrified, corroded
A: retaliatory headbutt, horns 2
a: Heroism, Renounce Religion, Evoke Invisibility


You were on level 8 of the Dungeon.
You worshipped Okawaru.
Okawaru was pleased with you.
You were hungry.

You visited 2 branches of the dungeon, and saw 9 of its levels.

You collected 301 gold pieces.

Inventory:

Hand Weapons
 a - a +0 long sword
 s - the +10 dagger of Defence (weapon) {drain, *Corrode +Inv Int+3}
   (You found it on level 4 of the Dungeon)

   A truly terrible weapon, it drains the life of those it strikes.
   It affects your intelligence (+3).
   It lets you turn invisible.
   It may corrode you when you take damage.
Armour
 b - a +0 chain mail (worn)
 c - a +2 shield (worn)
 n - a +1 hat (worn)
 u - a +0 pair of gloves (worn)
Jewellery
 t - a ring of protection from fire (left hand)
 y - a ring of resist corrosion (right hand)
Wands
 i - a wand of flame (17)
 z - a wand of digging (2)
Scrolls
 g - 6 scrolls of remove curse
 j - a scroll of fear {unknown}
 l - 3 scrolls of teleportation
 o - a scroll of enchant weapon {unknown}
 q - a scroll of magic mapping {unknown}
 v - a scroll of brand weapon {unknown}
 w - a scroll of noise {unknown}
 x - a scroll of vulnerability {unknown}
Potions
 d - 2 potions of might
 e - 2 potions of cancellation
 h - a potion of haste
 k - 3 potions of curing
 m - a potion of brilliance {unknown}
 p - a potion of degeneration {unknown}
 r - a potion of heal wounds {unknown}
Comestibles
 f - 18 rations
 A - 4 chunks of flesh


   Skills:
 + Level 6.9 Fighting
 + Level 5.8(7.0) Short Blades
 + Level 6.5(7.7) Long Blades
 + Level 7.3 Armour
 + Level 4.0 Dodging
 + Level 9.7 Shields


You had 8 spell levels left.
You didn't know any spells.

Dungeon Overview and Level Annotations

Branches:
Dungeon (8/15)             Temple (1/1) D:4            Lair (0/6) D:8

Altars:
Ashenzari
Dithmenos
Elyvilon
Fedhas
Gozag
Hepliaklqana
Kikubaaqudgha
Makhleb
Nemelex Xobeh
Okawaru
Ru
Wu Jian
Zin


Innate Abilities, Weirdness & Mutations

You reflexively headbutt those who attack you in melee.
You have a pair of horns on your head.


Message History

The yak gores you!
* * * LOW HITPOINT WARNING * * *
The crocodile bites you!
* * * LOW HITPOINT WARNING * * *
The yak gores the plant!
The basilisk bites you.
* * * LOW HITPOINT WARNING * * *
The yak gores the fungus!
The yak gores the plant.
You are feeling hungry.
The crocodile bites you but does no damage. x2
The yak gores you but does no damage.
The yak gores the plant but does no damage.
The yak gores the plant.
The basilisk gazes at you. You resist with some effort.
The yak gores the plant but does no damage.
A porcupine comes into view.
The crocodile bites you.
* * * LOW HITPOINT WARNING * * *
The yak gores you but does no damage. The crocodile bites you!
You die...

...##..#....#
.......#....# ##....
.......#....# ......
...##..#....# ....P..
...##..#....##+##P......
#####..#....#..#P...♣..P
#...'....#....P♣.....
##..#....#...lYY....>
##..#....+


#@PYPPP.. #...#....####ttY..Pr. #...#.........P..P... #...#........+.....P.
#...#........#..PPP.. ###+#........###♣.... ...####....# .... .... #....# #..
#(... #>...# .. You could see 4 yaks, a basilisk, 2 crocodiles and a porcupine.

Vanquished Creatures
  A wyvern (D:7)
  A hungry ghost (D:7)
  2 black bears
  4 sky beasts
  3 phantoms
  3 ogres
  A necrophage (D:8)
  The ghost of tidbits the Grave Robber, an amateur GnNe of Cheibriados (D:7)
  2 centaurs
  6 bullfrogs
  A water moccasin zombie (D:6)
  A scorpion (D:5)
  2 centaur zombies (D:6)
  2 bullfrog zombies
  2 crimson imps
  3 hounds
  2 centaur skeletons
  5 orc wizards
  2 iguanas
  Natasha (twice) (D:2)
  4 worker ants
  A hound skeleton (D:5)
  A worker ant zombie (D:6)
  A howler monkey zombie (D:3)
  Robin (D:3)
  4 adders
  A shadow imp (D:6)
  An ooze (D:2)
  An adder zombie (D:6)
  An adder skeleton (D:8)
  4 worms (D:2)
  A dart slug (D:1)
  3 leopard geckos
  15 orcs
  3 giant cockroaches
  11 goblins
  16 hobgoblins
  13 jackals
  10 kobolds
  2 quokkas
  2 ball pythons
  8 bats
  2 frilled lizards
  5 rats
157 creatures vanquished.

Notes
Turn   | Place    | Note
-------+----------+-------------------------------------------
     0 | D:1      | Peloso the Minotaur Fighter began the quest for the Orb.
     0 | D:1      | Reached XP level 1. HP: 19/19 MP: 0/0
    74 | D:1      | Reached XP level 2. HP: 22/27 MP: 1/1
   960 | D:2      | Reached XP level 3. HP: 33/33 MP: 2/2
  1311 | D:2      | Reached skill level 4 in Shields
  1355 | D:2      | Noticed Natasha
  1380 | D:2      | Killed Natasha
  1380 | D:2      | Reached XP level 4. HP: 24/41 MP: 3/3
  1616 | D:2      | Noticed Natasha
  1624 | D:2      | Killed Natasha
  1653 | D:3      | Found a faded altar of an unknown god.
  1756 | D:2      | Reached XP level 5. HP: 42/47 MP: 4/4
  1784 | D:3      | Reached skill level 1 in Dodging
  2413 | D:3      | Reached skill level 5 in Shields
  2598 | D:3      | Found an ancient bone altar of Kikubaaqudgha.
  2615 | D:3      | Reached skill level 5 in Armour
  2875 | D:3      | Noticed Robin
  2887 | D:3      | Reached XP level 6. HP: 53/53 MP: 5/5
  3058 | D:3      | Killed Robin
  3188 | D:4      | Reached skill level 5 in Fighting
  3188 | D:4      | Reached skill level 5 in Long Blades
  3341 | D:4      | Reached XP level 7. HP: 31/61 MP: 6/6
  3505 | D:4      | Found a staircase to the Ecumenical Temple.
  3512 | Temple   | Entered the Ecumenical Temple
  3534 | Temple   | Became a worshipper of Warmaster Okawaru
  3568 | D:4      | Got an ancient dagger
  3569 | D:4      | Identified the +10 dagger of Defence {drain, *Corrode +Inv Int+3} (You found it on level 4 of the Dungeon)
  3828 | D:5      | Entered Level 5 of the Dungeon
  4182 | D:5      | Reached skill level 6 in Shields
  4255 | D:6      | Reached skill level 1 in Short Blades
  4307 | D:6      | Reached * piety under Okawaru
  4307 | D:6      | Reached XP level 8. HP: 66/69 MP: 7/7
  4464 | D:6      | Reached skill level 7 in Shields
  4550 | D:6      | Reached skill level 8 in Shields
  4703 | D:6      | Found an ornate altar of the Wu Jian Council.
  4804 | D:6      | Reached ** piety under Okawaru
  4972 | D:6      | Found a burning altar of Makhleb.
  4998 | D:7      | Noticed tidbits's ghost (amateur GnNe)
  5005 | D:7      | Killed tidbits's ghost
  5005 | D:7      | Reached XP level 9. HP: 78/78 MP: 8/8
  5160 | D:7      | Found a white marble altar of Elyvilon.
  5212 | D:7      | Reached skill level 5 in Short Blades
  5297 | D:7      | Reached skill level 9 in Shields
  5758 | D:8      | Found a staircase to the Lair.
  5771 | D:8      | Slain by a crocodile

Skill      XL: |  1  2  3  4  5  6  7  8  9 |
---------------+----------------------------+-----
Armour         | 4 5 6 7 |  7.3
Fighting       | 4 5 6 |  6.9
Shields        | 4 5 6 8 9 |  9.7
Long Blades    | 3 4 5 6 |  6.5
Dodging        | 1 2 3 4 |  4.0
Short Blades   | 1 4 5 |  5.8

Action                   |  1- 3 |  4- 6 |  7- 9 || total
-------------------------+-------+-------+-------++-------
Melee: Long sword        |    52 |   146 |     3 ||   201
       Headbutt          |    20 |    31 |    43 ||    94
       Short sword       |    31 |       |       ||    31
       Dagger            |       |       |   200 ||   200
Invok: Heroism           |       |       |     1 ||     1
  Use: Scroll            |     2 |     1 |     4 ||     7
  Eat: Chunk             |     1 |     7 |     8 ||    16
Armor: Scale mail        |    30 |    63 |    31 ||   124
       Chain mail        |       |       |    22 ||    22
Dodge: Dodged            |    24 |    69 |    55 ||   148
Block: Shield            |    46 |   147 |   122 ||   315
       Rpst.: Long sword |     4 |    22 |       ||    26
